 Dungeon Crawl Stone Soup version 0.21.1-1-g345015fe64 (webtiles) character file.

200 Ashiichan the Ogre Mage (level 5, -5/45 HPs)
             Began as an Ogre Wizard on June 3, 2018.
             Killed by nerve-wracking pain
             ... invoked by Grinder
              (7 damage)
             ... on level 3 of the Dungeon.
             The game lasted 00:13:40 (3810 turns).

Ashiichan the Ogre Mage (Ogre Wizard)               Turns: 3810, Time: 00:13:40

Health: -5/45      AC:  3    Str: 11    XL:     5   Next: 79%
Magic:  11/13      EV: 10    Int: 20    God:
Gold:   217        SH:  0    Dex:  7    Spells: 14/15 levels left

rFire    . . .     SeeInvis .   t - +0 dagger (distort)
rCold    + . .     Gourm    .   (no shield)
rNeg     . . .     Faith    .   a - +0 robe
rPois    +         Spirit   .   b - +0 hat
rElec    .         Reflect  .   (no cloak)
rCorr    .         Harm     .   (gloves unavailable)
MR       .....                  (boots unavailable)
Stlth    +.........             (no amulet)
HPRegen  0.15/turn              j - ring of protection from cold
MPRegen  0.13/turn              l - ring of poison resistance

@: no status effects
A: large, unfitting armour, tough skin 1
a: no special abilities


You were on level 3 of the Dungeon.
You were hungry.

You visited 1 branch of the dungeon, and saw 3 of its levels.

You collected 217 gold pieces.

Inventory:

Hand Weapons
 e - a +0 club
 n - a +0 short sword
 t - a +0 dagger of distortion (weapon)
 u - a +3 dagger
 z - a cursed -1 dagger
 A - a +3 mace
Armour
 a - a +0 robe (worn)
 b - a +0 hat (worn)
 r - a +0 ring mail
 B - a cursed +0 leather armour
Jewellery
 j - a ring of protection from cold (left hand)
 l - a ring of poison resistance (right hand)
 y - a +2 ring of intelligence {unknown}
Scrolls
 f - a scroll of random uselessness {unknown}
 h - 2 scrolls of identify {unknown}
 i - 3 scrolls of teleportation {unknown}
 m - a scroll of magic mapping {unknown}
 o - 4 scrolls of amnesia {unknown}
 p - 2 scrolls of remove curse {unknown}
 s - 3 scrolls of enchant weapon {unknown}
 w - a scroll of immolation {unknown}
 x - 3 scrolls of blinking {unknown}
Potions
 g - 2 potions of lignification {unknown}
 k - a potion of degeneration {unknown}
 q - a potion of flight {unknown}
 v - a potion of heal wounds {unknown}
Books
 c - a book of Minor Magic

   Spells                             Type                      Level
   a - Magic Dart                     Conjuration                  1
   b - Blink                          Translocation                2
   c - Call Imp                       Summoning                    2
   d - Slow                           Hexes                        2
   e - Conjure Flame                  Conjuration/Fire             3
   f - Mephitic Cloud                 Conjuration/Poison/Air       3
Comestibles
 d - 11 rations


   Skills:
 - Level 1.7 Dodging
 - Level 1.4 Stealth
 + Level 5.7 Spellcasting
 + Level 3.3 Conjurations
   Level 0.8 Summonings
   Level 0.8 Translocations


You had 14 spell levels left.
You knew the following spells:

 Your Spells              Type           Power        Failure   Level  Hunger
a - Magic Dart            Conj           ###.         2%          1    None


Dungeon Overview and Level Annotations

Branches:
Dungeon (3/15)

Altars:
Elyvilon
Ru
Trog
Zin

Annotations:
D:3 Grinder


Innate Abilities, Weirdness & Mutations

You are too large for most types of armour.
You have tough skin. (AC +1)


Message History

Grinder is severely wounded.
Grinder disappears!
You start resting.
Casting: Magic Dart
Confirm with . or Enter, or press ? or * to list all spells.
Aiming: Magic Dart
Press: ? - help, Shift-Dir - straight line, f - Grinder
Aim: Grinder (severely wounded)
The magic dart hits Grinder.
Grinder is severely wounded.
Casting: Magic Dart
Confirm with . or Enter, or press ? or * to list all spells.
Aiming: Magic Dart
Press: ? - help, Shift-Dir - straight line, f/p - Grinder
Aim: Grinder (severely wounded)
The magic dart hits Grinder.
Grinder is severely wounded.
Grinder gestures at you. Pain shoots through your body!
You die...

'############## ##...#....#####
.......#######.....##..'....').##
............#.......####....##.##
............#..._...# #######...
............#....... ####
.......####.# ..... .. .......#
### ... ### †......# ##.# #
'####### #.@# #
...############.#################
...............5...............##
.###########################.#.##
.##...(......................#...
.##.####.####.####.####.####.####
.##.#⌠.#.#..'.'..#.#..+.+..#.# #
.##.#..#.#..#.#..#.#..#.#..#.# #
.##.##'#.##'#.##'#.##'#.##'#.# #


You could see Grinder.

Vanquished Creatures
  An orc wizard (D:3)
  Jessica (D:3)
  4 gnolls (D:3)
  2 adders
  3 worms
  A dart slug (D:1)
  2 leopard geckos
  2 orcs (D:3)
  2 ball pythons (D:2)
  3 giant cockroaches
  11 goblins
  6 hobgoblins
  2 jackals (D:2)
  3 quokkas (D:2)
  10 bats
  6 frilled lizards
  8 kobolds
  8 rats
75 creatures vanquished.

Vanquished Creatures (others)
  A dart slug (D:3)
  An orc (D:3)
2 creatures vanquished.

Grand Total: 77 creatures vanquished

Notes
Turn   | Place    | Note
-------+----------+-------------------------------------------
     0 | D:1      | Ashiichan the Ogre Wizard began the quest for the Orb.
     0 | D:1      | Reached XP level 1. HP: 16/16 MP: 5/5
    93 | D:1      | Reached skill level 4 in Spellcasting
   108 | D:1      | Reached skill level 1 in Conjurations
   122 | D:1      | Reached XP level 2. HP: 15/24 MP: 1/7
   930 | D:1      | Reached XP level 3. HP: 31/31 MP: 4/8
  1397 | D:2      | Found a white marble altar of Elyvilon.
  1756 | D:2      | Reached XP level 4. HP: 17/39 MP: 2/10
  2372 | D:2      | Found a glowing silver altar of Zin.
  2533 | D:3      | Reached skill level 5 in Spellcasting
  2664 | D:3      | Noticed Jessica
  2667 | D:3      | Killed Jessica
  2667 | D:3      | Reached XP level 5. HP: 45/45 MP: 8/12
  3723 | D:3      | Found a sacrificial altar of Ru.
  3794 | D:3      | Noticed Grinder
  3795 | D:3      | Found a bloodstained altar of Trog.
  3800 | D:3      | Paralysed by Grinder for 7 turns
  3806 | D:3      | HP: 2/45 [Grinder (2)]
  3810 | D:3      | Killed from afar by Grinder

Skill      XL: |  1  2  3  4  5 |
---------------+----------------+-----
Spellcasting   | 4 5 |  5.7
Conjurations   | 1 2 3 |  3.3
Dodging        | |  1.7
Stealth        | |  1.4
Summonings     | |  0.8
Translocations | |  0.8

Action                   |  1- 3 |  4- 6 || total
-------------------------+-------+-------++-------
Melee: Club              |    58 |       ||    58
       Unarmed           |     6 |       ||     6
       Short sword       |    17 |     8 ||    25
       Dagger            |       |    43 ||    43
 Cast: Magic Dart        |    85 |    90 ||   175
 Stab: Sleeping          |       |     1 ||     1
  Eat: Chunk             |     2 |     6 ||     8
Armor: Robe              |    45 |    16 ||    61
Dodge: Dodged            |    80 |    33 ||   113
